 Dungeon Crawl Stone Soup version 0.30-a0-613-gdd512c7efb (webtiles) character file.

Game seed: 8138519333935890880

1640 Cancer the Ruffian (level 8, 0/59 HPs)
             Began as a Grey Draconian Transmuter on Jan 9, 2023.
             Was an Initiate of Gozag.
             Killed from afar by a white imp (7 damage)
             ... with a puff of frost
             ... on level 7 of the Dungeon.
             The game lasted 00:18:56 (5978 turns).

Cancer the Ruffian (Grey Draconian Transmuter)      Turns: 5978, Time: 00:18:56

Health: 0/59       AC: 11    Str: 13    XL:     8   Next: 66%
Magic:  17/17      EV: 12    Int: 15    God:    Gozag
Gold:   201        SH:  0    Dex: 12    Spells: 13/19 levels left

rFire   . . .      SeeInvis +      - Unarmed
rCold   . . .      Faith    .    (no shield)
rNeg    . . .      Spirit   .    (body armour unavailable)
rPois   .          Reflect  .    (helmet restricted)
rElec   .          Harm     .    (no cloak)
rCorr   .          Rampage  .    (no gloves)
Will    .....                    (no boots)
Stlth   +                        (no amulet)
HPRegen 0.29/turn                p - ring of see invisible
MPRegen 0.15/turn                (no ring)

@: no status effects
A: AC +11, amphibious, unfitting armour, cold-blooded
a: Renounce Religion, Potion Petition, Call Merchant, Bribe Branch


You were on level 7 of the Dungeon.
You worshipped Gozag.
Gozag was aware of your devotion.
You visited 2 branches of the dungeon, and saw 8 of its levels.
You also visited: Sewer.

You collected 291 gold pieces.
You paid 90 gold pieces to Gozag.

Inventory:

Hand Weapons
 b - a +0 sling
Armour
 B - a +2 tower shield
Jewellery
 k - a ring of ice
 p - a ring of see invisible (left hand)
 z - a ring of ice
Wands
 t - a wand of mindburst (11)
Scrolls
 c - 3 scrolls of brand weapon {unknown}
 d - 6 scrolls of identify {unknown}
 e - 3 scrolls of enchant weapon {unknown}
 i - 3 scrolls of blinking {unknown}
 j - 3 scrolls of fear {unknown}
 m - a scroll of amnesia {unknown}
 n - 2 scrolls of noise {unknown}
 o - 2 scrolls of enchant armour {unknown}
 r - 2 scrolls of poison {unknown}
 s - 2 scrolls of immolation {unknown}
 w - a scroll of vulnerability {unknown}
 y - a scroll of summoning {unknown}
 A - a scroll of fog {unknown}
Potions
 a - a potion of lignification
 f - 2 potions of magic {unknown}
 g - 4 potions of mutation {unknown}
 h - 3 potions of curing {unknown}
 l - 6 potions of heal wounds {unknown}
 q - a potion of cancellation {unknown}
 u - 2 potions of haste
 v - 3 potions of might {unknown}
 x - 4 potions of flight {unknown}


   Skills:
 - Level 1.1 Fighting
 - Level 1.7 Dodging
 + Level 6.9 Unarmed Combat
 + Level 6.0 Spellcasting
 + Level 6.5 Transmutations
 - Level 1.0 Ice Magic
 - Level 1.0 Earth Magic
 - Level 1.0 Poison Magic


You had 13 spell levels left.
You knew the following spells:

 Your Spells              Type           Power      Damage    Failure   Level
a - Beastly Appendage     Tmut           48%        N/A       1%          1
b - Wereblood             Tmut           24%        N/A       1%          2
c - Spider Form           Tmut/Pois      15%        N/A       10%         3

Your spell library contained the following spells:

 Spells                   Type           Power      Damage    Failure   Level
 Ice Form                 Ice/Tmut       15%        N/A       30%         4


Dungeon Overview and Level Annotations

Branches:
Dungeon (7/15)             Temple (1/1) D:7           Sewer (visited)

Altars:
Elyvilon
Fedhas
Gozag
Kikubaaqudgha
Nemelex Xobeh
Okawaru
Qazlal
Ru
Sif Muna
Trog
Uskayaw
Vehumet
Wu Jian
Xom
Yredelemnul
Zin
The Shining One

Shops:
D:3 :

Annotations:
D:1 6mburst


Innate Abilities, Weirdness & Mutations

Your dull iron-grey scales are very hard. (AC +11)
You are amphibious.
You cannot fit into any form of body armour.
You are cold-blooded and may be slowed by cold attacks.


Message History

You bite the white imp!
The white imp is heavily wounded.
The white imp completely misses you.
You hit the white imp but do no damage.
The white imp is heavily wounded.
The white imp hits you. The white imp freezes you.
You hit the white imp.
The white imp is severely wounded.
You kill Prince Ribbit!
Prince Ribbit returns to his original shape as he dies.
The white imp misses you.
Your Spellcasting skill increases to level 6!
You see here a +0 ring mail.
You enter the shallow water.
Moving in this stuff is going to be slow.
The white imp grinds its teeth.
Your transformation is almost over.
The two-headed ogre attacks as you move away!
The two-headed ogre hits you with a +0 giant spiked club!!
The two-headed ogre barely misses you.
The white imp is distracted by your dazzling golden aura.
The two-headed ogre attacks as you move away!
The two-headed ogre barely misses you.
The two-headed ogre hits you with a +0 giant spiked club!!
* * * LOW HITPOINT WARNING * * *
The white imp shouts, "Slither hence, thou fobbing spur-galled clotpole!"
The two-headed ogre attacks as you move away!
The two-headed ogre barely misses you. x2
Your transformation has ended.
The white imp is no longer distracted by gold.
The white imp gestures at you. The puff of frost hits you.
* * * LOW HITPOINT WARNING * * *
The white imp attacks as you move away! The white imp closely misses you.
Things that are here:
a +0 leather armour; a +0 trident; an orc skeleton The white imp gestures at you.
The puff of frost hits you!
You die...
Your body crumbles into a pile of gold.

#..~~~..# #.~~§§~.#
#~~§~§§§##### #§§§>§§~....#
#~§§~~~§###.# #.~§§~~..##.#
#..~§~..5O..#########
#.#.#...[####.......#
.#.#.#..#@#.##.#####.#
.#.#.#..#)#....# #.#
#.#.#.#..#.#.#..# #.#
###.#.#.#..#.#.#..# #.#
#...#.#...........# #.#
#####.#.#.######.#....#####.#
........#........###........#
#.#.....########## ##.#######
..#.##..#... #.#


You could see a two-headed ogre and a white imp.

Vanquished Creatures
  Grinder (D:4)
  Prince Ribbit (D:7)
  A wraith (D:6)
  2 black bears (D:5)
  A sky beast (D:6)
  A phantom (D:6)
  2 scorpions (D:4)
  4 crimson imps (D:4)
  3 hounds
  2 orc priests
  A jelly (D:5)
  3 iguanas
  An orc wizard (D:3)
  2 river rats (Sewer)
  11 adders
  2 white imps
  4 dart slugs
  9 orcs
  3 bats (D:1)
  4 endoplasms
  7 giant cockroaches
  5 goblins
  9 hobgoblins
  9 kobolds
  3 quokkas
  11 ball pythons
  6 frilled lizards
  16 rats
124 creatures vanquished.

Notes
Turn   | Place    | Note
-------+----------+-------------------------------------------
     0 | D:1      | Cancer the Draconian Transmuter began the quest for the
                  | Orb.
     0 | D:1      | Reached XP level 1. HP: 16/16 MP: 3/3
   124 | D:1      | Reached XP level 2. HP: 23/23 MP: 5/5
   437 | D:2      | Reached XP level 3. HP: 21/28 MP: 4/6
  1133 | D:3      | Identified the +2 scale mail of Privacy {-Tele +Inv rCorr}
  1155 | D:3      | Reached XP level 4. HP: 35/35 MP: 6/8
  1377 | D:3      | Learned a level 2 spell: Wereblood
  1516 | D:3      | Found Ilyinla's Book Boutique.
  1825 | D:3      | Found a shimmering blue altar of Sif Muna.
  2017 | D:4      | Reached skill level 1 in Poison Magic
  2017 | D:4      | Reached XP level 5. HP: 24/40 MP: 7/9
  2107 | D:4      | Found a glowing drain.
  2236 | D:4      | Found a sacrificial altar of Ru.
  2315 | Sewer    | Entered a sewer
  2320 | Sewer    | Learned a level 3 spell: Spider Form
  2363 | Sewer    | Reached XP level 6. HP: 40/47 MP: 11/11
  2809 | D:4      | Noticed Grinder
  2816 | D:4      | Paralysed by Grinder for 3 turns
  2821 | D:4      | Killed Grinder
  2822 | D:4      | Reached skill level 5 in Unarmed Combat
  2822 | D:4      | Your scales start taking on a dull iron-grey colour.
  2822 | D:4      | Reached XP level 7. HP: 9/52 MP: 11/13
  2984 | D:4      | Found a shimmering altar of Xom.
  3158 | D:4      | Reached skill level 5 in Transmutations
  3549 | D:5      | Entered Level 5 of the Dungeon
  3618 | D:5      | Reached skill level 1 in Earth Magic
  3871 | D:5      | Reached skill level 1 in Ice Magic
  4114 | D:5      | Reached skill level 5 in Spellcasting
  4217 | D:6      | Reached XP level 8. HP: 59/59 MP: 15/15
  5250 | D:6      | Found a glowing silver altar of Zin.
  5250 | D:6      | Found a white marble altar of Elyvilon.
  5250 | D:6      | Found a glowing golden altar of the Shining One.
  5747 | D:7      | Found a staircase to the Ecumenical Temple.
  5758 | Temple   | Entered the Ecumenical Temple
  5884 | Temple   | Became a worshipper of Gozag Ym Sagoz the Greedy
  5946 | D:7      | Noticed Prince Ribbit
  5948 | D:7      | Found a radiant altar of Vehumet.
  5955 | D:7      | Noticed a two-headed ogre
  5958 | D:7      | Killed Prince Ribbit
  5978 | D:7      | Killed from afar by a white imp

Illustrated notes

Levels and vault maps discovered:
D:1:      dpeg_arrival_short_road, layout_rooms
D:2:      layout_rooms
D:3:      layout_basic, general_overflow_altar, serial_shops,
          nicolae_shop_advertising_works [nicolae_subvault_shop_adworks],
          serial_rivers, chequers_serial_rivers_micro_e,
          chequers_serial_rivers_room_b, chequers_serial_rivers_room_b,
          chequers_serial_rivers_micro_d, chequers_serial_rivers_large_a,
          chequers_serial_rivers_micro_b, chequers_serial_rivers_small_3
D:4:      layout_cave_pools, kennysheep_mini, led_xom_imps,
          portal_sewer_entry_d, uniq_grinder
D:5:      layout_basic
D:6:      layout_basic, good_gods_mini_temple
D:7:      lemuel_bear_cage, layout_basic, lemuel_crystal_altar,
          nicolae_vehumet_radiance, minmay_temple_entry_mist,
          chequers_mini_garden, uniq_joseph, uniq_prince_ribbit1
Temple:   cyrus_temple_forest

Skill      XL: |  1  2  3  4  5  6  7  8 |
---------------+-------------------------+-----
Transmutations | 3 4 5 6 |  6.5
Spellcasting   | 3 4 5 6 |  6.0
Unarmed Combat | 4 5 6 |  6.9
Poison Magic   | 1 |  1.0
Earth Magic    | 1 |  1.0
Ice Magic      | 1 |  1.0
Fighting       | |  1.1
Dodging        | |  1.7

Action                   |  1- 3 |  4- 6 |  7- 9 || total
-------------------------+-------+-------+-------++-------
Melee: Unarmed           |    79 |   160 |   161 ||   400
       Tailslap          |     9 |    10 |     9 ||    28
       Kick              |    18 |    38 |    38 ||    94
       Headbutt          |     5 |    24 |    22 ||    51
       Punch             |       |       |     4 ||     4
 Cast: Beastly Appendage |    21 |    37 |    17 ||    75
       Wereblood         |       |     2 |     2 ||     4
       Spider Form       |       |       |     4 ||     4
Evoke: Wand              |       |     5 |     1 ||     6
 Stab: Distracted        |     1 |       |       ||     1
       Sleeping          |     1 |     1 |       ||     2
Armor: Skin              |    20 |    56 |    45 ||   121
Dodge: Dodged            |    61 |   106 |    96 ||   263

Table legend: (Time is in decaauts)
 A = Elapsed time spent in this place.
 B = Non-inter-level travel time spent in this place.
 C = Inter-level travel time spent in this place.
 D = Time resting spent in this place.
 E = Time spent auto-exploring this place.
 F = Levels seen in this place.
 G = Mean time per level.
                   A        B        C        D        E       F      G
               +--------+--------+--------+--------+--------+-----+--------+
         Total |   6030 |   5503 |    527 |     23 |   4034 |   9 |  670.0 |
       Dungeon |   5413 |   4909 |    504 |      0 |   3813 |   7 |  773.3 |
        Temple |    150 |    127 |     23 |      0 |    105 |   1 |  150.0 |
         Sewer |    466 |    466 |      0 |     23 |    115 |   1 |  466.0 |
               +--------+--------+--------+--------+--------+-----+--------+

Top non-repeatable levels by time:
     D:4: 1194 daAuts
     D:6: 1124 daAuts
     D:3: 1075 daAuts
     D:5: 737 daAuts
     D:2: 679 daAuts
   Sewer: 466 daAuts
     D:1: 423 daAuts
     D:7: 181 daAuts
  Temple: 150 daAuts
